 Dungeon Crawl Stone Soup version 0.31-a0-233-g139696dc86 (webtiles) character file.

Game seed: 14875762662858021379

11 protoss039 the Digger (level 2, 21/21 HPs)
             Began as a Demonspawn Earth Elementalist on July 9, 2023.
             Got out of the dungeon alive.
             The game lasted 00:00:41 (546 turns).

protoss039 the Digger (DsEE)                         Turns: 546, Time: 00:00:42

Health: 21/21      AC:  2    Str:  8    XL:     2   Next: 13%
Magic:  5/5        EV: 11    Int: 16    God:
Gold:   40         SH:  3    Dex: 13    Spells: 4/5 levels left

rFire   . . .        (no weapon)
rCold   . . .        c - +0 buckler
rNeg    . . .        a - +0 robe
rPois   .            (helmet restricted)
rElec   .            (no cloak)
rCorr   .            (no gloves)
SInv    .            (no boots)
Will    .....        (no amulet)
Stlth   ++           (no ring)
HPRegen 0.23/turn    (no ring)
MPRegen 0.09/turn

%: no passive effects
@: no status effects
A: antennae 1
a: no special abilities


You escaped.
You visited 1 branch of the dungeon, and saw 1 of its levels.

You collected 40 gold pieces.

Inventory:

Armour
 a - a +0 robe (worn)
 c - a +0 buckler (worn)
Scrolls
 d - a scroll of enchant armour {unknown}
 e - a scroll of silence {unknown}
Potions
 b - a potion of magic


   Skills:
 + Level 1.0 Fighting
 - Level 1.7 Dodging
 - Level 1.7 Stealth
 + Level 2.2 Spellcasting
 - Level 0.8 Transmutations
 + Level 2.9 Earth Magic


You had 4 spell levels left.
You knew the following spells:

 Your Spells              Type           Power      Damage    Failure   Level
a - Sandblast             Erth           22%        2d7       10%         1

Your spell library contained the following spells:

 Spells                   Type           Power      Damage    Failure   Level
 Passwall                 Tmut/Erth      5%         N/A       22%         2
 Necrotise                Necr           4%         1d4       32%         1
 Stone Arrow              Conj/Erth      12%        3d7       47%         3
 Vampiric Draining        Necr           1%         2d6       69%         3
 Petrify                  Tmut/Erth      7%         N/A       83%         4
 Agony                    Necr           1%         N/A       100%        5


Dungeon Overview and Level Annotations

Branches:
Dungeon (1/15) Zot: 5445

Altars:

Annotations:
D:1 exclusion: gnoll


Innate Abilities, Weirdness & Mutations

You have a pair of small antennae on your head.


Message History

You are too injured to fight recklessly!
You are too injured to fight recklessly!
You are too injured to fight recklessly!
You are too injured to fight recklessly!
You are too injured to fight recklessly!
You are too injured to fight recklessly!
You are too injured to fight recklessly!
Casting: Sandblast (safe; 10% risk of failure)
Confirm with . or Enter, or press ? or * to list all spells.
Aiming: Sandblast (safe; 10% risk of failure)
Press: ? - help, Shift-Dir - straight line, f - quokka
Aim: a quokka (heavily wounded, 75% to hit)
The blast of sand hits the quokka!
You kill the quokka!
Unknown command.
Casting: Sandblast (safe; 10% risk of failure)
Confirm with . or Enter, or press ? or * to list all spells.
Aiming: Sandblast (safe; 10% risk of failure)
Press: ? - help, Shift-Dir - straight line, f - frilled lizard
Aim: a frilled lizard (70% to hit)
The blast of sand hits the frilled lizard!
You kill the frilled lizard!
The frilled lizard closely misses you.
Unknown command.
Casting: Sandblast (safe; 10% risk of failure)
Confirm with . or Enter, or press ? or * to list all spells.
Aiming: Sandblast (safe; 10% risk of failure)
Press: ? - help, Shift-Dir - straight line, f - frilled lizard
Aim: a frilled lizard (70% to hit)
The blast of sand hits the frilled lizard!
You kill the frilled lizard!
Your Fighting skill increases to level 1!
Unknown command.
You start resting.
Magic restored.
You see here a frilled lizard corpse.
HP restored.
There is a staircase leading out of the dungeon here.
Are you sure you want to leave the Dungeon?
This will make you lose the game!
You have escaped!

#.# ##...##### #.
#...#.P.P #.
####...#.P♣P.P
..##.#.#P.P...
#.##.#.#..PP.P
#.##...#.P.PPP
#####.##...#P.P♣♣.
#..........#P.P..P
#.#.#.#.##.@.#♣..PPP
#.......##...#♣P.P..
###.#.####...#P.PP.P
#.#...##...#..P.PP
#.###.##.#.#.P♣P.
#......#.#.#.P.PP
#..##.>#...#PP♣P♣
#..........#♣.PP.
#########.....#...#


There were no monsters in sight!

Vanquished Creatures
  A bat (D:1)
  A goblin (D:1)
  2 hobgoblins (D:1)
  2 quokkas (D:1)
  3 frilled lizards (D:1)
  A rat (D:1)
10 creatures vanquished.

Notes
Turn   | Place    | Note
-------+----------+-------------------------------------------
     0 | D:1      | protoss039 the Demonspawn Earth Elementalist began the
                  | quest for the Orb.
     0 | D:1      | Reached XP level 1. HP: 13/13 MP: 3/3
   158 | D:1      | Found a faded altar of an unknown god.
   480 | D:1      | Gained mutation: You have a pair of small antennae on your
                  | head. [demonic ancestry]
   480 | D:1      | Reached XP level 2. HP: 20/20 MP: 3/5
   498 | D:1      | Reached skill level 1 in Fighting
   546 | D:$      | Got out of the dungeon alive.

Illustrated notes

Levels and vault maps discovered:
D:1:      minmay_arrival_arboretum_small, layout_loops_corners,
          shapermc_ecumenical_altar_notcrosses, minmay_statues_item,
          nicolae_houndstooth_variations

Skill      XL: |  1  2 |
---------------+-------+-----
Fighting       | 1 |  1.0
Dodging        | |  1.7
Stealth        | |  1.7
Spellcasting   | |  2.2
Transmutations | |  0.8
Earth Magic    | |  2.9

Action                     || total
---------------------------++-------
  Melee: Unarmed           ||    20
   Cast: Sandblast         ||    15
 Armour: Robe              ||     3
  Dodge: Dodged            ||    33
  Block: Buckler           ||     2

Table legend: (Time is in decaauts)
 A = Elapsed time spent in this place.
 B = Non-inter-level travel time spent in this place.
 C = Inter-level travel time spent in this place.
 D = Time resting spent in this place.
 E = Time spent auto-exploring this place.
 F = Levels seen in this place.
 G = Mean time per level.
                   A        B        C        D        E       F      G
               +--------+--------+--------+--------+--------+-----+--------+
         Total |    554 |    541 |     13 |     68 |    360 |   1 |  554.0 |
       Dungeon |    554 |    541 |     13 |     68 |    360 |   1 |  554.0 |
               +--------+--------+--------+--------+--------+-----+--------+

Top non-repeatable levels by time:
     D:1: 554 daAuts
